cohdb
Replays
Latest Replays
All Replays
Popular Replays
Top Player Replays
Match Explorer
How It Works
Community
CoH3 Stats
Reddit
Sign in to upload your games and track your stats! →
Sign in with Steam
Match 38066783
Unlisted
Match 38066783
Overview
Messages
Build Orders
End
Kettenkrad Recon Vehicle
Construct Infanterie Kompanie
Selects Breakthrough Battlegroup
Selects Assault Grenadiers
Grenadier Squad
MG 42 Machine Gun Team
Grenadier Squad
Construct Panzergrenadier Kompanie
Selects 2.5-tonne Cargo Truck
251 Medium Carrier
Infanterie Officer Quarters
251 Medium Carrier
2.5-tonne Cargo Truck
Construct Panzer Kompanie
Selects Blitzkrieg
Grenadier Squad
Panzer IV Medium Tank
Selects Smoke Bombing Run
Panzer IV Medium Tank
Side Skirts
Panzer Officer Quarters
Selects Panzer IV Command Tank Sd.Kfz. 161/1
Panzer IV Command Tank
Pioneer Squad
Panzer IV Medium Tank
Selects Incendiary Bombing Run
Incendiary Bombing Run
Panzer IV Medium Tank
Incendiary Bombing Run
Panzer IV Medium Tank
MAOMAO
麦克阿瑟
MSZW
救火队长杜聿明!
JMT
Ceruman
matrix4x4
『KAIROCK』
0
0
Comments
sign in to comment!
No comments posted yet!